 Dungeon Crawl Stone Soup version 0.18.1-50-g88ac8fd (console) character file.

54 Homage the Chopper (level 3, -1/31 HPs)
             Began as a Ghoul Fighter on Oct 3, 2016.
             Slain by a kobold (3 damage)
             ... on level 2 of the Dungeon.
             The game lasted 00:02:06 (1309 turns).

Homage the Chopper (Ghoul Fighter)                  Turns: 1309, Time: 00:02:06

Health: -1/31      AC:  7    Str: 19    XL:     3   Next: 91%
Magic:  2/2        EV:  7    Int:  3    God:
Gold:   54         SH:  9    Dex:  9    Spells: 0 memorised, 2 levels left

rFire  . . .     SeeInvis .     a - +0 war axe
rCold  + . .     Gourm    .     b - +0 scale mail
rNeg   + + +     Faith    .     c - +1 shield
rPois  ∞         Spirit   .     (no helmet)
rElec  .         Dismiss  .     (no cloak)
rCorr  .         Reflect  .     i - +0 pair of gloves
SustAt .         Harm     .     (no boots)
MR     .....                    (no amulet)
Stlth  ..........               (no ring)
                                (no ring)

@: rotting, not resistant to hostile enchantments, extremely unstealthy
A: rotting body, claws 1, carnivore 3, cold resistance 1, negative energy
resistance 3, slow regeneration 1, torment resistance, unbreathing
a: no special abilities


You were on level 2 of the Dungeon.
You were not hungry.

You visited 1 branch of the dungeon, and saw 2 of its levels.

You collected 54 gold pieces.


Innate Abilities, Weirdness & Mutations

Your body is rotting away.
You thrive on raw meat.
You are immune to poison.
You have sharp fingernails.
You are carnivorous and can eat meat at any time.
Your flesh is cold resistant.
You are immune to negative energy.
You regenerate slowly when monsters are visible.
You are immune to unholy pain and torment.
You can survive without breathing.


   Skills:
 - Level 3.2 Fighting
 + Level 3.6 Axes
 - Level 2.6 Armour
 - Level 2.6 Shields


You had 2 spell levels left.
You didn't know any spells.

Inventory:

Hand Weapons
 a - a +0 war axe (weapon)
Armour
 b - a +0 scale mail (worn)
 c - a +1 shield (worn)
 i - a +0 pair of gloves (worn)
Scrolls
 g - a scroll of fear {unknown}
 k - a scroll of magic mapping {unknown}
Potions
 d - a potion of might
Comestibles
 f - a meat ration


Message History

Crazy Yiuf says, "Fluff pontify dark!"
Crazy Yiuf laughs, "Iron!"
Crazy Yiuf screams, "Iron!
Island green bag."
Crazy Yiuf says, "Island bag pontify!"
Crazy Yiuf laughs, "Dawk shoe horse!"
Crazy Yiuf screams, "Gum stair light!"
You see here a potion of lignification {!q}.
A kobold comes into view.
The kobold shouts!
The kobold throws a stone.
The stone hits you but does no damage.
You see here a stone.
The kobold throws a stone.
The stone hits you but does no damage.
You see here a stone.
The kobold throws a stone.
The stone closely misses you.
You see here a stone.
You block Crazy Yiuf's attack.
The kobold throws a stone.
The stone hits you but does no damage.
You see here a stone.
The kobold hits you.
You die...

###.#.# # #####
#.#.#.######## # #..)#
#.#.#.#......### # #...#
#.!..........+.# # ...
#.....#......#.# # #.#
##..........##.# # 77.7
##...###.......# # 7.77
#..K.###.#.....##### 77.7
#..@................ 7.77
#.(#.###.......##### 77.77
#^g#.#.............# 7...77
#..(...#.#########.# 7....7
##.#(###.#########.# #....#
#.#.(..............
##..######.###.#.#########.#
#...#.......#.#.# #.#
##.##########.#.#########.#


You could see Crazy Yiuf and a kobold.

Vanquished Creatures
  A hound (D:2)
  A worm (D:2)
  A dart slug (D:1)
  A giant cockroach (D:1)
  4 goblins (D:2)
  4 hobgoblins
  A ball python (D:1)
  A bat (D:1)
  A giant newt (D:2)
  2 kobolds
  2 rats
19 creatures vanquished.

Notes
Turn   | Place    | Note
--------------------------------------------------------------
     0 | D:1      | Homage the Ghoul Fighter began the quest for the Orb.
     0 | D:1      | Reached XP level 1. HP: 19/19 MP: 0/0
   340 | D:1      | Reached XP level 2. HP: 26/26 MP: 1/1
   611 | D:2      | Found a burning altar of Makhleb.
   629 | D:2      | Reached skill level 3 in Axes
   629 | D:2      | Reached XP level 3. HP: 14/31 MP: 2/2
   846 | D:2      | Found a basalt altar of Yredelemnul.
  1268 | D:2      | Noticed Crazy Yiuf
  1274 | D:2      | HP: 1/31 [Crazy Yiuf/quarterstaff of chaos (12)]
  1309 | D:2      | Slain by a kobold

Vault maps used:
D:1:      dpeg_arrival_long_road
D:2:      makhleb_blood_cavern_becter, overflow_temple_1_default,
          uniq_crazy_yiuf_cottage

Action                   || total
-------------------------++-------
Melee: War axe           ||    79
  Use: Potion            ||     3
       Scroll            ||     4
  Eat: Chunk             ||     2
Armor: Scale mail        ||    43
Dodge: Dodged            ||    23
Block: Shield            ||    48
